 Dungeon Crawl Stone Soup version 0.29-a0-414-g5075937ec3 (webtiles) character file.

Game seed: 16089081954024206219

9244 Pelinal the Nimble (level 11, -2/68 HPs)
             Began as a Merfolk Ice Elementalist on May 16, 2022.
             Was a Believer of Ashenzari.
             Slain by a freezing wraith (15 damage)
             ... on level 10 of the Dungeon.
             The game lasted 00:33:21 (11449 turns).

Pelinal the Nimble (Merfolk Ice Elementalist)      Turns: 11449, Time: 00:33:21

Health: -2/68      AC: 13    Str:  8    XL:     11   Next: 43%
Magic:  14/14      EV: 23    Int: 16    God:    Ashenzari [**....]
Gold:   703        SH:  0    Dex: 24    Spells: 3/14 levels left

rFire   . . .      SeeInvis +   a - +1 spear (venom)
rCold   . . .      Faith    .   (no shield)
rNeg    . . .      Spirit   .   A - +0 robe "Seeker of Ashenzari" {Range, Alch} (curse)
rPois   .          Reflect  .   Y - +0 helmet of Panopticon {Bglg, Range} (curse)
rElec   .          Harm     .   d - +1 cloak
rCorr   .          Rampage  .   (no gloves)
Will    .....                   S - +0 pair of boots of the Shattered Portent {Range, Melee} (curse)
Stlth   +++++.....              (no amulet)
HPRegen 0.21/turn               P - +6 ring of dexterity
MPRegen 0.14/turn               (no ring)

@: ice-armoured, slowed, very slow
A: (nimble swimmer 2), mertail
a: Renounce Religion, Shatter the Chains


You were on level 10 of the Dungeon.
You worshipped Ashenzari.
Ashenzari was pleased with you.
You visited 2 branches of the dungeon, and saw 11 of its levels.
You also visited: Sewer.

You collected 703 gold pieces.

Inventory:

Hand Weapons
 a - a +1 spear of venom (weapon)
 b - a +0 hunting sling
 L - a +0 trident
Missiles
 j - 351 stones
 x - 35 poisoned darts (quivered)
 N - a throwing net
 O - 4 silver javelins
Armour
 d - a +1 cloak (worn)
 A - the cursed +0 robe "Seeker of Ashenzari" (worn) {Range, Alch}

   It has a curse which improves the following skills: Ranged Combat: Slings,
   Bows, Crossbows and Throwing.
   Alchemy:   Poison Magic and Transmutations.
 M - a +0 troll leather armour
 S - the cursed +0 pair of boots of the Shattered Portent (worn) {Range, Melee}
   (You found it on level 7 of the Dungeon)

   It has a curse which improves the following skills: Ranged Combat: Slings,
   Bows, Crossbows and Throwing.
   Melee Combat: Short Blades, Long Blades, Axes, Maces & Flails, Polearms,
   Staves and Unarmed Combat.
 X - a +0 kite shield
 Y - the cursed +0 helmet of Panopticon (worn) {Bglg, Range}
   (You found it on level 8 of the Dungeon)

   It has a curse which improves the following skills: Beguiling: Conjurations,
   Hexes and Translocations.
   Ranged Combat: Slings, Bows, Crossbows and Throwing.
Jewellery
 h - a ring of positive energy
 s - a ring of see invisible
 t - a ring of ice
 D - a ring of willpower
 F - a ring of flight
 P - a +6 ring of dexterity (left hand)
 Q - a +4 ring of slaying
 R - a ring of fire
Wands
 r - a wand of mindburst (3)
 C - a wand of acid (4)
 E - a wand of paralysis (4)
 Z - a wand of digging (1)
Scrolls
 e - a scroll of enchant armour
 f - 3 scrolls of amnesia
 i - 5 scrolls of teleportation
 o - a scroll of poison
 q - a scroll of vulnerability
 u - 2 scrolls of noise
 w - a scroll of immolation
 y - a scroll of acquirement
 B - 11 scrolls of identify
 G - 2 scrolls of enchant weapon
 T - 2 scrolls of magic mapping
 V - a scroll of torment
 W - a scroll of blinking
Potions
 c - 5 potions of cancellation
 g - 2 potions of curing
 k - 3 potions of heal wounds
 l - a potion of mutation
 m - a potion of resistance
 n - 6 potions of haste
 p - 6 potions of brilliance
 v - 2 potions of attraction
 z - a potion of might
 H - 3 potions of flight
 I - a potion of berserk rage
 J - 3 potions of magic
 K - 3 potions of ambrosia
 U - 3 potions of invisibility


   Skills:
 - Level 11.9(13.0) Polearms
 - Level 6.0(8.5) Throwing
 - Level 12.2 Dodging
 - Level 9.0 Stealth
 - Level 2.0 Spellcasting
 - Level 8.0 Ice Magic
 + Level 3.6 Evocations


You had 3 spell levels left.
You knew the following spells:

 Your Spells              Type           Power      Damage    Failure   Level
a - Freeze                Ice            100%       1d11      1%          1
b - Frozen Ramparts       Ice            54%        1d7       2%          3
c - Ozocubu's Armour      Ice            27%        N/A       2%          3
p - Passwall              Tmut/Erth      0%         N/A       30%         2
z - Wereblood             Tmut           2%         N/A       30%         2

Your spell library contained the following spells:

 Spells                   Type           Power      Damage    Failure   Level
 Ensorcelled Hibernation  Hex/Ice        28%        N/A       6%          2
 Animate Skeleton         Necr           2%         N/A       21%         1
 Beastly Appendage        Tmut           4%         N/A       21%         1
 Pain                     Necr           4%         1d4       21%         1
 Sandblast                Erth           2%         2d4       21%         1
 Gell's Gravitas          Tloc           2%         N/A       52%         3
 Lesser Beckoning         Tloc           2%         N/A       52%         3
 Spider Form              Tmut/Pois      2%         N/A       52%         3
 Stone Arrow              Conj/Erth      2%         3d7       52%         3
 Swiftness                Air            1%         N/A       52%         3
 Teleport Other           Tloc           2%         N/A       52%         3
 Vampiric Draining        Necr           1%         2d6       52%         3
 Hailstorm                Conj/Ice       14%        3d5       36%         4
 Metabolic Englaciation   Hex/Ice        7%         N/A       73%         5
 Cause Fear               Hex            1%         N/A       89%         4
 Animate Armour           Summ/Erth      2%         N/A       90%         4
 Agony                    Necr           1%         N/A       99%         5
 Blade Hands              Tmut           1%         N/A       99%         5
 Excruciating Wounds      Necr           0%         N/A       99%         5
 Simulacrum               Ice/Necr       7%         N/A       99%         6
 Iron Shot                Conj/Erth      0%         9d1       100%        6
 Dragon Form              Tmut           1%         N/A       100%        7
 Dragon's Call            Summ           0%         N/A       100%        9


Dungeon Overview and Level Annotations

Branches:
Dungeon (10/15)            Temple (1/1) D:6           Sewer (visited)
   Lair: D:8-11         Orc: D:9-12

Altars:
Ashenzari
Cheibriados
Dithmenos
Elyvilon
Fedhas
Gozag
Hepliaklqana
Kikubaaqudgha
Makhleb
Nemelex Xobeh
Okawaru
Qazlal
Ru
Sif Muna
Trog
Uskayaw
Vehumet
Wu Jian
Xom
Yredelemnul
Zin
The Shining One

Shops:
D:1 *   D:8 =


Innate Abilities, Weirdness & Mutations

((You are very nimble when in or above water. (Stealth+, EV+, Speed+++)))
Your lower body shifts to a powerful aquatic tail in water.


Message History

Unknown command.
You hit the freezing wraith.
The freezing wraith is almost destroyed.
Unknown command.
You barely miss the freezing wraith.
The freezing wraith is almost destroyed.
The freezing wraith completely misses you.
The freezing wraith misses you.
Unknown command.
You hit the freezing wraith but do no damage.
The freezing wraith is almost destroyed.
Unknown command.
You hit the freezing wraith but do no damage.
The freezing wraith is almost destroyed.
The freezing wraith hits you but does no damage. x2
You hit the freezing wraith but do no damage.
The freezing wraith is almost destroyed.
Reach: a) +1 spear (venom)
Press: ? - help, Dir - move target, f/p - freezing wraith
Aim: a freezing wraith (almost destroyed, covered in acid, about 28% to evade your +1 spear of venom)
You hit the freezing wraith but do no damage.
The freezing wraith is almost destroyed.
The freezing wraith hits you. The freezing wraith freezes you!
* * * LOW HITPOINT WARNING * * *
The freezing wraith hits you.
* * * LOW HITPOINT WARNING * * *
The freezing wraith drains your vigour!
You feel yourself slow down.
You feel much better.
The freezing wraith is no longer covered in acid.
The freezing wraith barely misses you. x2
Unknown command.
Reach: a) +1 spear (venom)
Press: ? - help, Dir - move target, f/p - freezing wraith
Aim: a freezing wraith (almost destroyed, about 28% to evade your +1 spear of venom)
You hit the freezing wraith but do no damage.
The freezing wraith is almost destroyed.
The freezing wraith hits you!
* * * LOW HITPOINT WARNING * * *
The freezing wraith freezes you!
You die...

#......###############.##.##.....
........................#O#......
.....................#.##.##.#...
....................####. ,####..
...................# .. .D.##.
..................# ### .### ## .
, ,..........##[# .# #
*##########....#.# #K # >
#..........#@##.# . #.#
#.....)...##W#. , #.
#.(......##.). . , ..
#.........####.,.# # .
###+########+..#.##.#* ,. .#
.#................#.# * #. #
.#...............##K# D# #
.#................##*##* .### ##
.#.................##,.g ..?##.


You could see a freezing wraith.

Vanquished Creatures
  2 two-headed ogres (D:9)
  2 cyclopes
  3 trolls
  A hornet (D:4)
  17 yaks
  A water moccasin (D:8)
  An ice beast (D:7)
  4 orc warriors
  A sky beast (D:6)
  2 black bears (D:6)
  2 ogres
  3 centaurs
  A phantom (D:6)
  7 kobold brigands
  3 scorpions
  2 bullfrogs
  5 necrophages
  A jelly (D:6)
  4 hounds
  3 gnoll shamans
  Ijyb (D:5)
  2 iguanas (D:6)
  13 orc wizards
  Robin (D:2)
  7 gnolls
  4 adders
  A river rat (D:4)
  A shadow imp (D:6)
  5 white imps
  2 ufetubi (D:5)
  4 worms
  2 dart slugs
  37 orcs
  7 endoplasms
  2 giant cockroaches
  14 goblins
  6 hobgoblins
  2 jackals (D:2)
  3 quokkas
  8 ball pythons
  8 bats
  6 frilled lizards
  32 kobolds
  6 rats
239 creatures vanquished.

Vanquished Creatures (collateral kills)
  A hydra (D:9)
1 creature vanquished.

Vanquished Creatures (others)
  An orc wizard (D:7)
  3 plants (Sewer)
4 creatures vanquished.

Grand Total: 244 creatures vanquished

Notes
Turn   | Place    | Note
-------+----------+-------------------------------------------
     0 | D:1      | Pelinal the Merfolk Ice Elementalist began the quest for
                  | the Orb.
     0 | D:1      | Reached XP level 1. HP: 13/13 MP: 3/3
     8 | D:1      | Found Jattanoh's General Store.
   514 | D:1      | Reached XP level 2. HP: 19/19 MP: 0/5
   672 | D:1      | Reached skill level 5 in Ice Magic
   895 | D:1      | Found a faded altar of an unknown god.
  1047 | D:1      | Reached XP level 3. HP: 22/24 MP: 0/6
  1239 | D:2      | Noticed Robin
  1276 | D:2      | Killed Robin
  1472 | D:2      | Learned a level 3 spell: Frozen Ramparts
  1951 | D:2      | Reached XP level 4. HP: 28/30 MP: 5/7
  1971 | D:2      | Learned a level 3 spell: Ozocubu's Armour
  3277 | D:4      | Noticed a hornet
  3282 | D:4      | Paralysed by a hornet for 1 turns
  3291 | D:4      | HP: 2/45 [hornet (8)]
  3295 | D:4      | Killed a hornet
  3296 | D:4      | Reached skill level 1 in Throwing
  3296 | D:4      | Reached XP level 5. HP: 14/35 MP: 5/8
  3296 | D:4      | Reached XP level 6. HP: 17/41 MP: 5/9
  3711 | D:4      | Found a glowing drain.
  3750 | Sewer    | Entered a sewer
  3864 | Sewer    | Reached XP level 7. HP: 46/46 MP: 3/10
  4488 | D:4      | Reached skill level 5 in Stealth
  4550 | D:5      | Entered Level 5 of the Dungeon
  4568 | D:5      | Noticed Ijyb
  4580 | D:5      | Killed Ijyb
  4841 | D:5      | Reached XP level 8. HP: 44/52 MP: 11/11
  5482 | D:5      | Noticed a troll
  5493 | D:5      | Killed a troll
  5494 | D:5      | Reached skill level 5 in Throwing
  6016 | D:6      | Noticed a yak
  6021 | D:6      | Noticed a yak
  6029 | D:6      | Noticed a yak
  6030 | D:6      | Killed a yak
  6031 | D:6      | Noticed a yak
  6037 | D:6      | Noticed a yak
  6038 | D:6      | Killed a yak
  6039 | D:6      | Reached XP level 9. HP: 57/57 MP: 4/12
  6043 | D:6      | Reached skill level 3 in Dodging
  6048 | D:6      | Reached skill level 4 in Dodging
  6057 | D:6      | Reached skill level 5 in Dodging
  6362 | D:6      | Reached skill level 5 in Polearms
  6462 | D:6      | Reached skill level 6 in Dodging
  6673 | D:6      | Identified the +8 hand axe of Pikliuck {vorpal, rElec rF-
                  | Dex+2 Stlth+}
  7012 | D:6      | Found a staircase to the Ecumenical Temple.
  7028 | Temple   | Entered the Ecumenical Temple
  7124 | Temple   | Became a worshipper of Ashenzari the Shackled
  7336 | D:7      | Reached skill level 7 in Dodging
  7534 | D:7      | Reached XP level 10. HP: 23/63 MP: 9/13
  8023 | D:7      | Reached skill level 8 in Dodging
  8787 | D:8      | Found Litupuck's Jewellery Shoppe.
  9401 | D:9      | Noticed a two-headed ogre
  9439 | D:9      | Reached skill level 9 in Dodging
  9557 | D:9      | Reached * piety under Ashenzari
  9557 | D:9      | Identified a scroll of acquirement
  9575 | D:9      | Noticed a five-headed hydra
  9750 | D:9      | Reached skill level 10 in Dodging
  9852 | D:9      | Killed a two-headed ogre
  9853 | D:9      | Reached skill level 10 in Polearms
  9938 | D:9      | Reached skill level 11 in Dodging
  9967 | D:9      | Reached XP level 11. HP: 68/68 MP: 5/14
 10153 | D:9      | Noticed a cyclops
 10208 | D:9      | Killed a five-headed hydra
 10209 | D:9      | Reached skill level 12 in Dodging
 10430 | D:9      | Found a radiant altar of Vehumet.
 10433 | D:9      | Noticed a two-headed ogre
 10458 | D:9      | Killed a two-headed ogre
 10523 | D:9      | Reached skill level 1 in Evocations
 10657 | D:9      | Killed a cyclops
 10819 | D:9      | Learned a level 2 spell: Wereblood
 10825 | D:9      | Learned a level 2 spell: Passwall
 11034 | D:10     | Entered Level 10 of the Dungeon
 11122 | D:10     | Noticed a manticore
 11219 | D:10     | Noticed an ogre mage
 11222 | D:10     | Noticed a six-headed hydra
 11251 | D:10     | Noticed an ogre mage
 11310 | D:10     | Reached ** piety under Ashenzari
 11375 | D:10     | Noticed a cyclops
 11395 | D:10     | Killed a cyclops
 11438 | D:10     | HP: 2/68 [freezing wraith (20)]
 11449 | D:10     | Slain by a freezing wraith

Illustrated notes

Levels and vault maps discovered:
D:1:      dpeg_arrival_rhombus, layout_rooms, serial_shops,
          nicolae_shop_advertising_works [nicolae_subvault_shop_adworks],
          hellmonk_ecumenical_altar_arch_garden
D:2:      layout_loops_ring, minivault_26, uniq_robin
D:3:      layout_loops_ring
D:4:      layout_rooms, portal_sewer_entry_a, interstate_on_off
D:5:      layout_gridville, kennysheep_generic_room_9, uniq_ijyb
D:6:      layout_rooms, minmay_temple_entry_glassed_door, minmay_checkerbox
D:7:      layout_basic, chequers_serial_rivers_micro_a
D:8:      layout_gridville, serial_shops, nicolae_shop_trees
D:9:      layout_gridville, nicolae_vehumet_radiance, st_stairs_11
D:10:     layout_grid_maze, minmay_fractal_squares_gapless_7
Temple:   mainiacjoe_temple_archimedes_tessellation

Skill      XL: |  1  2  3  4  5  6  7  8  9 10 11 |
---------------+----------------------------------+-----
Ice Magic      | 5 6 8 |  8.0
Throwing       | 1 2 4 6 |  6.0
Stealth        | 4 5 8 9 |  9.0
Polearms       | 7 11 | 11.9
Dodging        | 7 11 12 | 12.2
Evocations     | 3 |  3.6
Spellcasting   | |  2.0

Action                   |  1- 3 |  4- 6 |  7- 9 | 10-12 || total
-------------------------+-------+-------+-------+-------++-------
Melee: Unarmed           |    10 |       |       |       ||    10
       Dagger            |    23 |   101 |     5 |       ||   129
       Whip              |     1 |       |       |       ||     1
       Tailslap          |       |     3 |     3 |       ||     6
       Spear             |       |       |   331 |   293 ||   624
       Punch             |       |       |     7 |     3 ||    10
Throw: Dart              |       |       |    42 |     2 ||    44
       Throwing net      |       |       |       |     1 ||     1
 Cast: Freeze            |    51 |    20 |     2 |     5 ||    78
       Frozen Ramparts   |       |     5 |    23 |    17 ||    45
       Ozocubu's Armour  |       |     2 |    16 |    14 ||    32
Invok: Curse Item        |       |       |       |     3 ||     3
Evoke: Wand              |       |     3 |     4 |    16 ||    23
  Use: Scroll            |     3 |     5 |       |     3 ||    11
       Potion            |     1 |     4 |     1 |     5 ||    11
 Stab: Sleeping          |     2 |    11 |     9 |     6 ||    28
       Paralysed         |       |       |       |    19 ||    19
Armor: Robe              |    16 |    15 |    52 |    28 ||   111
       Skin              |       |    11 |       |       ||    11
Dodge: Dodged            |    52 |    62 |   225 |   179 ||   518

Table legend: (Time is in decaauts)
 A = Elapsed time spent in this place.
 B = Non-inter-level travel time spent in this place.
 C = Inter-level travel time spent in this place.
 D = Time resting spent in this place.
 E = Time spent auto-exploring this place.
 F = Levels seen in this place.
 G = Mean time per level.
                   A        B        C        D        E       F      G
               +--------+--------+--------+--------+--------+-----+--------+
         Total |  11174 |  10654 |    520 |   2567 |   5137 |  12 |  931.2 |
       Dungeon |  10469 |   9958 |    511 |   2404 |   4867 |  10 | 1046.9 |
        Temple |    188 |    179 |      9 |      0 |    159 |   1 |  188.0 |
         Sewer |    515 |    515 |      0 |    163 |    109 |   1 |  515.0 |
               +--------+--------+--------+--------+--------+-----+--------+

Top non-repeatable levels by time:
     D:5: 1409 daAuts
     D:9: 1373 daAuts
     D:2: 1295 daAuts
     D:8: 1234 daAuts
     D:1: 1207 daAuts
     D:6: 1081 daAuts
     D:7: 1026 daAuts
     D:3: 741 daAuts
     D:4: 717 daAuts
   Sewer: 515 daAuts
    D:10: 381 daAuts
  Temple: 188 daAuts
